 Dungeon Crawl Stone Soup version 0.26-a0-1147-g3780a7a11b (webtiles) character file.

Game seed: 14020987362510702054

130 vvl the Chopper (level 5, -6/46 HPs)
             Began as a Hill Orc Monk on Dec 23, 2020.
             Killed from afar by an orc wizard (8 damage)
             ... with a magic dart
             ... on level 3 of the Dungeon.
             The game lasted 00:04:29 (3069 turns).

vvl the Chopper (Hill Orc Monk)                     Turns: 3069, Time: 00:04:29

Health: -6/46      AC:  8    Str: 15    XL:     5   Next: 14%
Magic:  5/5        EV:  7    Int: 10    God:
Gold:   193        SH:  0    Dex: 13    Spells: 4/4 levels left

rFire    . . .     SeeInvis .   a - +0 hand axe
rCold    . . .     Faith    .   (no shield)
rNeg     . . .     Spirit   .   d - +0 chain mail
rPois    .         Reflect  .   (no helmet)
rElec    .         Harm     .   (no cloak)
rCorr    .         Rampage  .   (no gloves)
Will     .....                  (no boots)
Stlth    ..........             (no amulet)
HPRegen  0.15/turn              (no ring)
MPRegen  0.09/turn              (no ring)

@: no status effects
A: no striking features
a: no special abilities


You were on level 3 of the Dungeon.
You visited 1 branch of the dungeon, and saw 3 of its levels.

You collected 193 gold pieces.

Inventory:

Hand Weapons
 a - a +0 hand axe (weapon)
Armour
 d - a +0 chain mail (worn)
Jewellery
 q - a +4 ring of slaying {unknown}
Scrolls
 g - a scroll of enchant armour {unknown}
 i - a scroll of enchant weapon {unknown}
 j - 13 scrolls of identify {unknown}
 k - 2 scrolls of blinking {unknown}
 m - 2 scrolls of remove curse {unknown}
 o - 2 scrolls of teleportation {unknown}
 r - 3 scrolls of immolation {unknown}
Potions
 b - 4 potions of flight {unknown}
 c - 2 potions of mutation {unknown}
 e - 2 potions of degeneration {unknown}
 f - a potion of lignification {unknown}
 h - 3 potions of curing {unknown}
 l - a potion of berserk rage {unknown}
 n - 2 potions of might {unknown}
 p - a potion of magic {unknown}


   Skills:
 + Level 4.1 Fighting
 * Level 5.3 Axes
 + Level 1.5 Armour
 - Level 2.4 Dodging
 - Level 1.5 Stealth
 + Level 1.7 Shields
 * Level 2.2 Necromancy


You had 4 spell levels left.
You didn't know any spells.
Your spell library was empty.

Dungeon Overview and Level Annotations

Branches:
Dungeon (3/15)

Altars:
Qazlal
Zin


Message History

The orc wizard gestures at you while chanting.
The magic dart hits you!
* * * LOW HITPOINT WARNING * * *
Your chain mail prevents you from hitting the orc wizard.
The orc wizard is almost dead.
The orc wizard hits you but does no damage.
You closely miss the orc wizard.
The orc wizard is almost dead.
The orc wizard points at you and mumbles some strange words.
The magic dart hits you.
* * * LOW HITPOINT WARNING * * *
The orc wizard points at you and mumbles some strange words.
The magic dart hits you but does no damage.
You hit the orc wizard but do no damage.
The orc wizard is severely wounded.
The orc wizard casts a spell.
The orc wizard blinks!
The orc wizard gestures at you while chanting.
The magic dart hits you!
You die...

#.# #.### #.#.. ##
###.#.. . ..#.#..
##### .# #.#)#..
...####.# #.#....
##o##...# ##.###..
##...#@### #....'..
#......#
#..)#########.##...#
#..)...........#.###
#...#########..#.#
##### #..#.#


You could see an orc wizard (fast).

Vanquished Creatures
  An orc wizard (D:3)
  4 adders
  2 oozes (D:2)
  4 leopard geckos
  3 orcs (D:3)
  5 giant cockroaches
  4 goblins
  5 hobgoblins
  A quokka (D:3)
  4 ball pythons
  7 bats
  3 frilled lizards
  7 kobolds
  5 rats (D:1)
55 creatures vanquished.

Notes
Turn   | Place    | Note
-------+----------+-------------------------------------------
     0 | D:1      | vvl the Hill Orc Monk began the quest for the Orb.
     0 | D:1      | Reached XP level 1. HP: 19/19 MP: 1/1
   438 | D:1      | Reached XP level 2. HP: 27/27 MP: 2/2
   659 | D:1      | Reached skill level 1 in Necromancy
   784 | D:1      | Reached skill level 1 in Shields
   836 | D:1      | Reached XP level 3. HP: 29/33 MP: 3/3
  1598 | D:2      | Reached skill level 1 in Armour
  1634 | D:2      | Found a stormy altar of Qazlal.
  1636 | D:2      | Noticed an earth elemental
  1648 | D:2      | Noticed a fire elemental
  1648 | D:2      | Noticed a water elemental
  1648 | D:2      | Noticed an air elemental
  1810 | D:2      | Reached XP level 4. HP: 40/40 MP: 4/4
  1948 | D:2      | Found a glowing silver altar of Zin.
  2257 | D:3      | Reached skill level 5 in Axes
  2320 | D:3      | Found a stormy altar of Qazlal.
  2980 | D:3      | Reached XP level 5. HP: 41/46 MP: 5/5
  3063 | D:3      | HP: 2/46 [orc wizard/magic dart (10)]
  3069 | D:3      | Killed from afar by an orc wizard

Illustrated notes

Levels and vault maps discovered:
D:1:      lightli_arrival_chessboard, layout_loops_corners,
          minmay_tree_intersection, minmay_heptomino_h4
D:2:      layout_basic, old_standard_altar, nicolae_qazlal_style_of_elements
D:3:      layout_basic, lemuel_altar_in_water

Skill      XL: |  1  2  3  4 |
---------------+-------------+-----
Necromancy     | 1 2 |  2.2
Shields        | 1 |  1.7
Armour         | 1 |  1.5
Axes           | 5 |  5.3
Fighting       | 4 |  4.1
Dodging        | |  2.4
Stealth        | |  1.5

Action                   |  1- 3 |  4- 6 || total
-------------------------+-------+-------++-------
Melee: Hand axe          |   139 |   123 ||   262
 Stab: Sleeping          |     2 |       ||     2
Armor: Chain mail        |   110 |    66 ||   176
       Robe              |     2 |       ||     2
Dodge: Dodged            |    65 |    35 ||   100

Table legend: (Time is in decaauts)
 A = Elapsed time spent in this place.
 B = Non-inter-level travel time spent in this place.
 C = Inter-level travel time spent in this place.
 D = Time resting spent in this place.
 E = Time spent auto-exploring this place.
 F = Levels seen in this place.
 G = Mean time per level.
                   A        B        C        D        E       F      G
               +--------+--------+--------+--------+--------+-----+--------+
         Total |   3085 |   3004 |     81 |    422 |   2131 |   3 | 1028.3 |
       Dungeon |   3085 |   3004 |     81 |    422 |   2131 |   3 | 1028.3 |
               +--------+--------+--------+--------+--------+-----+--------+

Top non-repeatable levels by time:
     D:1: 1498 daAuts
     D:3: 835 daAuts
     D:2: 752 daAuts
